 Dungeon Sprint DCSS version 0.22.0-18-ge075c0d (webtiles) character file.

2300000 poirepourri the Middleweight Champion (level 17, -22/172 HPs)
             Began as a Ghoul Gladiator on Aug 18, 2018.
             Was a Priest of Makhleb.
             Annihilated by a meat berserker
             ... wielding a +9 battleaxe
              (37 damage)
             ... in the Dungeon (Sprint VIII: "Arena of Blood").
             The game lasted 00:00:36 (23 turns).

poirepourri the Middleweight Champion (GhGl)          Turns: 23, Time: 00:00:37

Health: -22/172    AC:  4    Str: 20    XL:     17   Next: 12%
Magic:  16/16      EV: 31    Int:  3    God:    Makhleb [***...]
Gold:   0          SH:  0    Dex: 15    Spells: 16/16 levels left

rFire    . . .     SeeInvis .     - Unarmed
rCold    + . .     Gourm    .   (no shield)
rNeg     + + +     Faith    .   a - +0 leather armour
rPois    ∞         Spirit   .   b - +0 helmet
rElec    .         Reflect  .   (no cloak)
rCorr    .         Harm     .   (no gloves)
MR       +....     NoTele   +   (no boots)
Stlth    +.........             (no amulet)
HPRegen  0.00/turn              (no ring)
MPRegen  0.15/turn              (no ring)

@: rotting
A: rotting body, claws 1, carnivore, cold resistance 1, negative energy
resistance 3, inhibited regeneration, torment resistance, unbreathing
a: Minor Destruction, Lesser Servant of Makhleb, Renounce Religion


You were in the Dungeon.
You worshipped Makhleb.
Makhleb was most pleased with you.
You were not hungry.

You visited 1 branch

Inventory:

Hand Weapons
 k - the +∞ Axe of Woe
   (You found it in the Dungeon)
Missiles
 c - 3 throwing nets (quivered)
Armour
 a - a +0 leather armour (worn)
 b - a +0 helmet (worn)
Scrolls
 j - a scroll of blinking
Potions
 e - a potion of curing
 f - a potion of heal wounds
 g - a potion of haste
 h - 2 potions of magic
 i - a potion of berserk rage
Comestibles
 d - a ration


   Skills:
 + Level 20.7 Fighting
   Level 15.1 Axes
 + Level 14.9 Throwing
 + Level 4.9 Armour
 + Level 26.8 Dodging
 O Level 27 Unarmed Combat


You had 16 spell levels left.
You didn't know any spells.
Your spell library was empty.

Dungeon Overview and Level Annotations

Branches:
Dungeon (1/1)

Altars:
Makhleb


Innate Abilities, Weirdness & Mutations

Your body is rotting away.
You thrive on raw meat.
You are immune to poison.
You have sharp fingernails.
You are carnivorous and can eat meat at any time.
Your flesh is cold resistant. (rC+)
You are immune to negative energy. (rN+++)
You do not regenerate when monsters are visible.
You are immune to unholy pain and torment.
You can survive without breathing.


Message History

You are now empty-clawed.
You drop the +∞ Axe of Woe.
You hear a shout! x10
You stop training Axes.
You hear a shout! x6
Unknown command.
Press < or > to pray at altars.
Unknown command.
Press < or > to pray at altars.
You mangle the meat berserker!!
The meat berserker is lightly wounded.
You hear a shout! x5
The meat berserker hits you with a +9 battleaxe!!!
* * * LOW HITPOINT WARNING * * *
You hear a shout! x6
Unknown command.
Press < or > to pray at altars.
k - the +∞ Axe of Woe You hear a shout! x3
The meat berserker hits you with a +9 battleaxe!!!
You die...

..... .. #...
.# . #... ..#
..###... ..###.
......###......
....._......
#))...# #@)<._#
#O....#
....._......
......###......
..###.o. ..###.
. #... ..# #...
.# ..... ..


You could see a meat berserker (berserk) and a bag of meat.

Vanquished Creatures
  2 ogres (D)
  6 orcs (D)
8 creatures vanquished.

Notes
Turn   | Place    | Note
-------+----------+-------------------------------------------
     0 | D        | Found the +∞ Axe of Woe
     0 | D        | poirepourri the Ghoul Gladiator began the quest for the Orb.
     0 | D        | Reached XP level 1. HP: 17/17 MP: 0/0
     1 | D        | Noticed a bag of meat
     3 | D        | Became a worshipper of Makhleb the Destroyer
     3 | D        | Noticed a meat berserker
     3 | D        | Noticed a bag of meat
     5 | D        | Killed a meat berserker
     5 | D        | Reached skill level 10 in Throwing
     5 | D        | Reached skill level 21 in Unarmed Combat
     5 | D        | Reached XP level 2. HP: 44/44 MP: 1/1
     5 | D        | Reached XP level 3. HP: 50/50 MP: 2/2
     5 | D        | Reached XP level 4. HP: 58/58 MP: 3/3
     5 | D        | Reached XP level 5. HP: 64/64 MP: 4/4
     5 | D        | Reached XP level 6. HP: 72/72 MP: 5/5
     5 | D        | Reached XP level 7. HP: 79/79 MP: 6/6
     5 | D        | Reached XP level 8. HP: 86/86 MP: 7/7
     5 | D        | Reached XP level 9. HP: 93/93 MP: 8/8
     5 | D        | Reached XP level 10. HP: 101/101 MP: 9/9
     5 | D        | Reached XP level 11. HP: 107/107 MP: 10/10
     5 | D        | Reached XP level 12. HP: 115/115 MP: 11/11
     5 | D        | Reached XP level 13. HP: 122/122 MP: 12/12
     5 | D        | Noticed a bag of meat
     6 | D        | Killed a bag of meat
     6 | D        | Reached * piety under Makhleb
     6 | D        | Reached skill level 5 in Axes
     6 | D        | Reached skill level 23 in Unarmed Combat
     6 | D        | Reached XP level 14. HP: 133/133 MP: 13/13
     6 | D        | Noticed a bag of meat
     6 | D        | Noticed a bag of meat
     9 | D        | Noticed a meat berserker
    11 | D        | Killed a bag of meat
    11 | D        | Reached skill level 15 in Fighting
    11 | D        | Reached skill level 1 in Armour
    11 | D        | Reached skill level 24 in Unarmed Combat
    11 | D        | Killed a bag of meat
    11 | D        | Reached skill level 25 in Unarmed Combat
    11 | D        | Reached XP level 15. HP: 98/145 MP: 14/14
    11 | D        | Reached ** piety under Makhleb
    11 | D        | Reached skill level 26 in Unarmed Combat
    11 | D        | Reached skill level 27 in Unarmed Combat
    11 | D        | Reached XP level 16. HP: 106/157 MP: 15/15
    12 | D        | Killed a meat berserker
    17 | D        | Noticed a meat berserker
    19 | D        | Reached *** piety under Makhleb
    19 | D        | Reached skill level 15 in Axes
    19 | D        | Reached XP level 17. HP: 55/172 MP: 16/16
    23 | D        | Annihilated by a meat berserker

Skill      XL: |  1  2  3  4  5  6  7  8  9 10 11 12 13 14 15 16 |
---------------+-------------------------------------------------+-----
Fighting       | 13 14 16 18 20 | 20.7
Axes           | 4 5 8 11 15 | 15.1
Throwing       | 10 11 12 13 14 | 14.9
Dodging        | 18 20 22 24 26 | 26.8
Unarmed Combat | 21 23 25 27 | 27.0
Armour         | 1 2 4 |  4.9

Action                   |  1- 3 |  4- 6 |  7- 9 | 10-12 | 13-15 | 16-18 || total
-------------------------+-------+-------+-------+-------+-------+-------++-------
Melee: Executioner's axe |     1 |       |       |       |     2 |     2 ||     5
       Unarmed           |       |       |       |       |     1 |     1 ||     2
Dodge: Dodged            |       |       |       |       |     2 |       ||     2
